AoeStats
← [GG] Shevchenko 7

Arabia

510585281Analyzed
1v1 RM · 1d ago on Oct 1, 2026· 39m 27s· 2 players
Game mode
Random Map
Map size
Tiny (2 player)
Population
200
Speed
Normal
Resources
Standard
Victory
Conquest
Starting age
Dark Age
Ending age
Imperial Age
RankedLock teamsTeams togetherTeam positionsShared explorationLock speedFull tech treeHidden civsTurbo modeCheats
Victory
Defeat
🇮🇳 Teutons · India
1011
+17
🇧🇷 Mongols · Brazil
1039
-17
A.Smith
3:44 Loom
11:20 Feudal Age
20:58 Castle Age
19:03 Gold Mining
19:47 Bloodlines
20:14 Scale Barding Armor
20:36 Forging
34:45 Imperial Age
34:12 Fletching
34:45 Ballistics
35:00 Cavalier
36:32 Chain Barding Armor
[GG] Shevchenko 7
8:54 Loom
8:58 Loom
11:53 Feudal Age
16:35 Double-Bit Axe
20:39 Fletching
20:52 Padded Archer Armor
24:20 Castle Age
23:19 Gold Mining
35:28 Scale Barding Armor
37:02 Husbandry
Connection lost

Rejoining the realm…

Still unreachable

The connection could not be restored.

Session expired

The server has moved on; the page needs a fresh start.